 Dungeon Crawl Stone Soup version 0.21-a0-279-g6037ffb (webtiles) character file.

81 Gruud the Slasher (level 4, -5/33 HPs)
             Began as a Demonspawn Gladiator on Sept 23, 2017.
             Killed from afar by an orc wizard (6 damage)
             ... with a puff of frost
             ... on level 3 of the Dungeon.
             The game lasted 00:03:17 (1575 turns).

Gruud the Slasher (Demonspawn Gladiator)            Turns: 1575, Time: 00:03:19

Health: -5/33      AC: 12    Str: 15    XL:     4   Next: 19%
Magic:  4/4        EV:  7    Int: 10    God:
Gold:   102        SH:  0    Dex: 14    Spells: 3/3 levels left

rFire    . . .     SeeInvis .   a - +0 long sword
rCold    . . .     Gourm    .   (no shield)
rNeg     . . .     Faith    .   m - +0 chain mail
rPois    .         Spirit   .   (helmet restricted)
rElec    .         Reflect  .   (no cloak)
rCorr    .         Harm     .   k - +1 pair of gloves
MR       .....                  b - +1 pair of boots
Stlth    ..........             (no amulet)
HPRegen  0.11/turn              (no ring)
MPRegen  0.09/turn              (no ring)

@: no status effects
A: horns 1
a: no special abilities


You were on level 3 of the Dungeon.
You were not hungry.

You visited 1 branch of the dungeon, and saw 3 of its levels.

You collected 102 gold pieces.

Inventory:

Hand Weapons
 a - a +0 long sword (weapon)
Missiles
 d - 3 throwing nets (quivered)
Armour
 b - a +1 pair of boots (worn)
 k - a +1 pair of gloves (worn)
 m - a +0 chain mail (worn)
Scrolls
 c - a scroll of remove curse {unknown}
 e - 2 scrolls of identify
 h - a scroll of noise {unknown}
 j - a scroll of teleportation {unknown}
 l - 2 scrolls of random uselessness {unknown}
 n - a scroll of immolation {unknown}
Potions
 p - a potion of ambrosia {unknown}
Comestibles
 f - 2 bread rations
 g - 3 royal jellies
 i - 2 meat rations
 o - a chunk of flesh


   Skills:
 - Level 2.0 Fighting
 * Level 3.7 Long Blades
 - Level 1.7 Throwing
 + Level 1.5 Armour
 + Level 3.2 Dodging


You had 3 spell levels left.
You didn't know any spells.

Dungeon Overview and Level Annotations

Branches:
Dungeon (3/15)

Altars:
Hepliaklqana
Kikubaaqudgha
Qazlal
Sif Muna


Innate Abilities, Weirdness & Mutations

You have a pair of small horns on your head.


Message History

The orc priest invokes the aid of Beogh against you.
Pain shoots through your body!
The orc priest hits you with a hand axe.
An orc comes into view. It is wielding a dagger.
You slash the orc priest!
You kill the orc priest!
You have reached level 4!
You feel clever.
The kobold throws a stone.
The stone closely misses you.
The orc moves out of view.
An adder comes into view.
The kobold throws a stone.
The stone barely misses you.
Found 3 fruits.
The kobold throws a stone.
The stone barely misses you.
The orc wizard points at you and mumbles some strange words.
The puff of frost hits you!
* * * LOW HITPOINT WARNING * * *
The orc wizard gestures at you while chanting.
The puff of frost hits you!
You die...

## ############ ..
#..........# . #.
#......((..# ...
#.###.###......# #
#..#.#.....##.@...##.####
#..P...⌠...#............
#.....#P(....P#...÷.##.###
#.... ##_P_._##..o.)# .
#... ..P####.......K..
#......# #####.oS#(#o.
....... #>..%.. ... # ..##
#......# .. . #....... .


You could see 2 orc wizards, an adder, an orc and a kobold.

Vanquished Creatures
  An orc priest (D:3)
  An adder (D:2)
  An ooze (D:3)
  A worm (D:2)
  2 dart slugs (D:2)
  An orc (D:2)
  A ball python (D:2)
  5 bats (D:1)
  3 hobgoblins
  2 quokkas
  A frilled lizard (D:1)
  5 goblins
  2 kobolds (D:2)
  6 rats
32 creatures vanquished.

Notes
Turn   | Place    | Note
-------+----------+-------------------------------------------
     0 | D:1      | Gruud the Demonspawn Gladiator began the quest for the Orb.
     0 | D:1      | Reached XP level 1. HP: 16/16 MP: 1/1
   342 | D:1      | Gained mutation: You have a pair of small horns on your head. [demonic ancestry]
   342 | D:1      | Reached XP level 2. HP: 12/22 MP: 2/2
   814 | D:2      | Reached skill level 1 in Armour
   821 | D:2      | Reached XP level 3. HP: 17/27 MP: 3/3
   975 | D:2      | Found a hazy altar of Hepliaklqana.
  1542 | D:3      | Found a deep blue altar of Sif Muna.
  1542 | D:3      | Found a stormy altar of Qazlal.
  1543 | D:3      | Found an ancient bone altar of Kikubaaqudgha.
  1572 | D:3      | Reached XP level 4. HP: 12/33 MP: 4/4
  1575 | D:3      | HP: 1/33 [orc wizard/puff of frost (12)]
  1575 | D:3      | Killed from afar by an orc wizard

Vault maps used:
D:1:      dpeg_arrival_stone_temple_mockup, minivault_27
D:2:      old_standard_altar
D:3:      cheibrodos_pilgrimage, ashenzari_altar_1,
          gammafunk_temple_overflow_forgotten

Skill      XL: |  1  2 |
---------------+-------+-----
Long Blades    | 3 |  3.7
Armour         | 1 |  1.5
Dodging        | 3 |  3.2
Fighting       | |  2.0
Throwing       | |  1.7

Action                   |  1- 3 |  4- 6 || total
-------------------------+-------+-------++-------
Melee: Long sword        |    88 |       ||    88
       Headbutt          |    17 |       ||    17
  Use: Scroll            |     1 |       ||     1
  Eat: Chunk             |     2 |       ||     2
Armor: Leather armour    |    23 |       ||    23
       Chain mail        |    36 |       ||    36
Dodge: Dodged            |    56 |     3 ||    59
       Rpst.: Long sword |    13 |       ||    13

Table legend:
 A = Spawn XP
 B = Non-spawn XP
 C = Spawn XP percentage of total XP
 D = Spawn monster count
 E = Non-spawn monster count
 F = Spawn count percentage of total count
 G = Total turns spent on level
                    A         B        C        D         E        F      G
               +---------+---------+-------+---------+---------+-------+---------
         Total |       0 |     116 |   0.0 |       0 |      32 |   0.0 |  1575
               +---------+---------+-------+---------+---------+-------+---------
           D:1 |       0 |      20 |   0.0 |       0 |      13 |   0.0 |   773
           D:2 |       0 |      46 |   0.0 |       0 |      16 |   0.0 |   740
           D:3 |       0 |      50 |   0.0 |       0 |       3 |   0.0 |    62
               +---------+---------+-------+---------+---------+-------+---------
